 Dungeon Crawl Stone Soup version 0.26-a0-652-gafc20e3620 (webtiles) character file.

Game seed: 3616073805210726485

413 Maimakterion the Skirmisher (level 6, 0/68 HPs)
             Began as an Ogre Fighter on Oct 1, 2020.
             Slain by a worker ant (5 damage)
             ... on level 4 of the Dungeon.
             The game lasted 00:04:18 (3649 turns).

Maimakterion the Skirmisher (Ogre Fighter)          Turns: 3649, Time: 00:04:19

Health: 0/68       AC:  3    Str: 23    XL:     6   Next: 91%
Magic:  6/6        EV:  8    Int:  9    God:
Gold:   176        SH:  9    Dex:  8    Spells: 5/5 levels left

rFire    . . .     SeeInvis .   d - +7 falchion of Haplogeo {holy, rC+}
rCold    + . .     Faith    +   c - +0 kite shield
rNeg     . . .     Spirit   .   b - +0 robe
rPois    +         Reflect  .   (helmet restricted)
rElec    .         Harm     .   (no cloak)
rCorr    .         Rampage  .   (gloves unavailable)
MR       .....                  (boots unavailable)
Stlth    +.........             h - amulet of faith
HPRegen  0.21/turn              k - ring of flight
MPRegen  0.10/turn              p - ring of poison resistance

@: lightly drained
A: large, unfitting armour, tough skin 1
a: Evoke Flight


You were on level 4 of the Dungeon.
You visited 1 branch of the dungeon, and saw 4 of its levels.

You collected 176 gold pieces.

Inventory:

Hand Weapons
 a - a +0 war axe
 d - the +7 falchion of Haplogeo (weapon) {holy, rC+}
   (You found it on level 4 of the Dungeon)

   It has been blessed by the Shining One to cause great damage to the undead
   and demons.
   It protects you from cold.
 r - a +2 dagger of draining
 t - a +1 vorpal hand axe
Missiles
 s - 12 poisoned darts (quivered)
Armour
 b - a +0 robe (worn)
 c - a +0 kite shield (worn)
Jewellery
 h - an amulet of faith (around neck)
 k - a ring of flight (left hand)
 p - a ring of poison resistance (right hand)
Wands
 o - a wand of paralysis (13)
Scrolls
 i - 2 scrolls of identify
 n - a scroll of enchant weapon
 q - a scroll of fog
Potions
 e - 2 potions of stabbing
 j - a potion of berserk rage
 u - a potion of brilliance


   Skills:
 * Level 6.8 Fighting
 - Level 5.0 Axes
 - Level 2.6 Dodging
 + Level 3.6(3.5) Shields


You had 5 spell levels left.
You didn't know any spells.
Your spell library was empty.

Dungeon Overview and Level Annotations

Branches:
Dungeon (4/15)
 Temple: D:4-7

Altars:
Zin


Innate Abilities, Weirdness & Mutations

You are too large for most types of armour.
You have tough skin. (AC +1)


Message History

Something hits you but does no damage. The worker ant bites you.
* * * LOW HITPOINT WARNING * * *
You regained 2 hp, and now have 9/68 hp.
You barely miss something.
You feel less invigorated.
You feel less confused. Something hits you.
* * * LOW HITPOINT WARNING * * *
The worker ant bites you but does no damage.
Something hits you.
* * * LOW HITPOINT WARNING * * *
Something hits you.
* * * LOW HITPOINT WARNING * * *
Something hits you but does no damage.
You take 1 damage, and have 8/68 hp.
The quokka skeleton bites you but does no damage.
The worker ant closely misses you. Something hits you.
* * * LOW HITPOINT WARNING * * *
The worker ant bites you.
You die...

##.###.... ....## #.## #.
##...#...# # .... ...# #.
......# # . #..# #..# #.
.....## #. #. #..# #..# #.
..#..# ... #. ##.)#####..# #.
.###.## #...#.##....((((..# #.
.#
#..###....(....#######.######.
##
#....!......a{.#.........†....
#
#.##.#..##.#Z@.....###.######.
####.##.#..##.#.......# #.# #.
....o.................# #.# #.
.###.##.#..##.#.......# #.# #.
.# #.# .>.....<......# #.#
####. .# #Z#
..##...........<.. ..... .#
#.# ..# ##.########### ##..
.###.####..# #.# ####...
{Z.Z...>...# #......


You could see a worker ant and a quokka skeleton.

Vanquished Creatures
  Sigmund (D:2)
  An orc priest (D:3)
  An iguana (D:2)
  A worker ant (D:4)
  Robin (D:4)
  5 adders
  An ufetubus (D:3)
  A worm (D:2)
  3 dart slugs
  3 leopard geckos
  8 orcs
  3 giant cockroaches
  18 goblins
  8 hobgoblins
  3 jackals (D:1)
  14 kobolds
  A quokka (D:3)
  3 ball pythons
  12 bats
  4 frilled lizards
  A quokka skeleton (D:4)
  5 rats
98 creatures vanquished.

Notes
Turn   | Place    | Note
-------+----------+-------------------------------------------
     0 | D:1      | Maimakterion the Ogre Fighter began the quest for the Orb.
     0 | D:1      | Reached XP level 1. HP: 24/24 MP: 1/1
   144 | D:1      | Reached XP level 2. HP: 33/33 MP: 2/2
   462 | D:1      | Reached XP level 3. HP: 41/41 MP: 3/3
   490 | D:1      | Reached skill level 5 in Fighting
   968 | D:2      | Reached XP level 4. HP: 37/50 MP: 4/4
  1059 | D:2      | Found a glowing silver altar of Zin.
  1749 | D:2      | Noticed Sigmund
  1758 | D:2      | Killed Sigmund
  1758 | D:2      | Reached skill level 6 in Fighting
  1758 | D:2      | Reached XP level 5. HP: 43/61 MP: 5/5
  1758 | D:2      | Reached XP level 6. HP: 48/68 MP: 6/6
  3329 | D:4      | Noticed Robin
  3351 | D:4      | Killed Robin
  3351 | D:4      | Reached skill level 5 in Axes
  3388 | D:4      | Got a translucent falchion
  3597 | D:4      | Identified the +7 falchion of Haplogeo {holy, rC+} (You
                  | found it on level 4 of the Dungeon)
  3649 | D:4      | Slain by a worker ant

Illustrated notes

Levels and vault maps discovered:
D:1:      dpeg_arrival_tiny_d, layout_rooms, minmay_heptomino_d4
D:2:      layout_loops_ring, zin_treasury, minmay_curled_crystal, uniq_sigmund
D:3:      minmay_chambers_of_threes, layout_rooms
D:4:      layout_loops_ring, uniq_robin

Skill      XL: |  1  2  3  4  5  6 |
---------------+-------------------+-----
Fighting       | 5 6 |  6.8
Shields        | 3 |  3.6
Axes           | 4 5 |  5.0
Dodging        | |  2.6

Action                   |  1- 3 |  4- 6 || total
-------------------------+-------+-------++-------
Melee: War axe           |    71 |   130 ||   201
       Hand axe          |       |    47 ||    47
       Falchion          |       |    15 ||    15
Throw: Dart              |       |     1 ||     1
  Use: Potion            |       |     5 ||     5
       Scroll            |       |    10 ||    10
Armor: Robe              |    23 |    60 ||    83
Dodge: Dodged            |    30 |    85 ||   115
Block: Kite shield       |    32 |    73 ||   105
       Rpst.: Falchion   |       |     1 ||     1

Table legend: (Time is in decaauts)
 A = Elapsed time spent in this place.
 B = Non-inter-level travel time spent in this place.
 C = Inter-level travel time spent in this place.
 D = Time resting spent in this place.
 E = Time spent auto-exploring this place.
 F = Levels seen in this place.
 G = Mean time per level.
                   A        B        C        D        E       F      G
               +--------+--------+--------+--------+--------+-----+--------+
         Total |   3740 |   3635 |    105 |   1150 |   1766 |   4 |  935.0 |
       Dungeon |   3740 |   3635 |    105 |   1150 |   1766 |   4 |  935.0 |
               +--------+--------+--------+--------+--------+-----+--------+

Top non-repeatable levels by time:
     D:2: 1319 daAuts
     D:3: 1114 daAuts
     D:1: 835 daAuts
     D:4: 471 daAuts
